 Dungeon Crawl Stone Soup version 0.30.0-15-g856e2d3f33 (webtiles) character file.

Game seed: 9539425878638930140

5 bubby the Sneak (level 1, -1/19 HPs)
             Began as a Ghoul Delver on May 19, 2023.
             Slain by a hobgoblin (2 damage)
             ... on level 2 of the Dungeon.
             The game lasted 00:01:38 (142 turns).

bubby the Sneak (Ghoul Delver)                       Turns: 142, Time: 00:01:38

Health: -1/19      AC:  3    Str: 15    XL:     1   Next: 80%
Magic:  0/0        EV: 11    Int:  5    God:
Gold:   22         SH:  0    Dex: 10    Spells: 0/0 levels left

rFire   . . .        a - +0 hand axe
rCold   + . .        (no shield)
rNeg    + + +        b - +0 leather armour
rPois   ∞            (no helmet)
rElec   .            (no cloak)
rCorr   .            (no gloves)
SInv    .            (no boots)
Will    .....        k - amulet of the acrobat
Stlth   +++          (no ring)
HPRegen 0.00/turn    (no ring)
MPRegen 0.07/turn

%: acrobat
@: inhibited regen
A: claws 1, cold resistance 1, negative energy resistance 3, inhibited
regeneration, torment resistance 2, devour on kill
a: no special abilities


You were on level 2 of the Dungeon.
You visited 1 branch of the dungeon, and saw 4 of its levels.

You collected 22 gold pieces.

Inventory:

Hand Weapons
 a - a +0 hand axe (weapon)
Armour
 b - a +0 leather armour (worn)
Jewellery
 k - an amulet of the acrobat (around neck)
Wands
 g - a wand of digging (3)
 i - a wand of flame (18)
Scrolls
 c - a scroll of fog
 d - a scroll of magic mapping
 e - a scroll of fear
 j - a scroll of identify {unknown}
Potions
 f - a potion of haste
 h - a potion of curing {unknown}


   Skills:
 + Level 3.3 Fighting
 * Level 2.0 Axes
 + Level 0.2 Armour
 + Level 1.9 Dodging
 - Level 5.4 Stealth


You couldn't memorise any spells.
You didn't know any spells.
Your spell library was empty.

Dungeon Overview and Level Annotations

Branches:
Dungeon (5/15)
 Temple: D:4-7

Altars:

Annotations:
D:2 Natasha


Innate Abilities, Weirdness & Mutations

You are immune to poison.
You have sharp fingernails.
Your flesh is cold resistant. (rC+)
You are immune to negative energy. (rN+++)
You do not regenerate when monsters are visible.
You are immune to unholy pain and torment.
You thrive by killing the living.


Message History

You barely miss the kobold.
The kobold hits you with a +0 short sword.
You hit the kobold.
The kobold is heavily wounded.
You barely miss the hobgoblin. The hobgoblin barely misses you.
The kobold barely misses you.
You completely miss the kobold.
The kobold is heavily wounded.
You hit the hobgoblin but do no damage. The hobgoblin hits you.
The kobold misses you.
You closely miss the kobold.
The kobold is heavily wounded.
You hit the hobgoblin but do no damage. The hobgoblin hits you.
The kobold misses you.
The kobold hits you with a +0 short sword.
The hobgoblin closely misses you.
You completely miss the kobold.
The kobold is heavily wounded.
You completely miss the hobgoblin. The kobold hits you but does no damage.
You hit the kobold.
You kill the kobold!
You feel better.
You hit the hobgoblin but do no damage. You closely miss the goblin.
The goblin closely misses you. The hobgoblin barely misses you.
You hit the hobgoblin but do no damage. You hit the goblin.
The goblin hits you with a +0 club.
* * * LOW HITPOINT WARNING * * *
The hobgoblin hits you.
* * * LOW HITPOINT WARNING * * *
You hit the goblin.
You kill the goblin!
You feel better.
You barely miss the hobgoblin.
The hobgoblin hits you but does no damage.
Your Axes skill increases to level 2!
You hit the hobgoblin but do no damage. The hobgoblin hits you.
* * * LOW HITPOINT WARNING * * *
The hobgoblin barely misses you.
You closely miss the hobgoblin. The hobgoblin closely misses you.
You closely miss the hobgoblin. The hobgoblin hits you.
You die...

#####.......#
.......>....#
#####.......####
#..........#
#.......##.#
##.......# .#
#[.....#.# .#
#......#.# ..
#.@g...#.# lh
#))....#.# S.#
##.....#.# #.#
....#.#.#
.....#.#
.....$..#
.......###
........#


You could see a hobgoblin.

Vanquished Creatures
  A ball python (D:2)
  2 goblins
  A kobold (D:2)
4 creatures vanquished.

Notes
Turn   | Place    | Note
-------+----------+-------------------------------------------
     0 | D:5      | bubby the Ghoul Delver began the quest for the Orb.
     0 | D:5      | Reached XP level 1. HP: 19/19 MP: 0/0
   123 | D:2      | Noticed Natasha
   142 | D:2      | Slain by a hobgoblin

Illustrated notes

Levels and vault maps discovered:
D:2:      layout_basic, uniq_natasha, uniq_sigmund
D:3:      layout_basic, grunt_decor_arrowhead, nicolae_kite_square_tiling_tiny
D:4:      layout_cave_pods, amcnicky_altar_gilded, general_overflow_altar,
          nemelex_diamond_rough_becter, uniq_duvessa, uniq_menkaure
D:5:      layout_loops_ring, overflow_temple_1_default,
          mainiacjoe_overflow_brackets, lemuel_crystal_altar,
          minmay_temple_entry_glassed_door, serial_shops,
          nicolae_shop_rolled_up, uniq_edmund

Skill      XL: |  1 |
---------------+----+-----
Axes           | 2 |  2.0
Fighting       | |  3.3
Armour         | |  0.2
Dodging        | |  1.9
Stealth        | |  5.4

Action                     || total
---------------------------++-------
  Melee: Hand axe          ||    15
 Armour: Leather armour    ||     4
  Dodge: Dodged            ||    10
